 Dungeon Crawl Stone Soup version 0.28-b1-25-g9875b3f (webtiles) character file.

Game seed: 13448039403395384812

910 Host24 the Quickloader (level 8, 0/69 HPs)
             Began as a Kobold Hunter on Jan 31, 2022.
             Succumbed to a water moccasin's poison
             ... on level 7 of the Dungeon.
             The game lasted 00:17:14 (6754 turns).

Host24 the Quickloader (Kobold Hunter)              Turns: 6754, Time: 00:17:15

Health: 0/69       AC: 24    Str: 17    XL:     8   Next: 30%
Magic:  8/8        EV:  3    Int: 12    God:
Gold:   78         SH:  0    Dex: 16    Spells: 7/7 levels left

rFire   . . .      SeeInvis .   a - +1 hand crossbow
rCold   . . .      Faith    .   (no shield)
rNeg    . . .      Spirit   .   (armour currently unavailable)
rPois   +          Reflect  .   (helmet currently unavailable)
rElec   .          Harm     .   (cloak currently unavailable)
rCorr   .          Rampage  .   (gloves currently unavailable)
Will    ++...      NoTele   +   (boots currently unavailable)
Stlth   +++.......              (no amulet)
HPRegen 0.21/turn               r - ring of willpower
MPRegen 0.11/turn               u - +6 ring of strength

@: mighty, lethally poisoned (0 -> -1), tree-form
A: stationary, stasis, torment immunity, boosted hp, small, no large weapons,
nightstalker 3, (talons 1), strong-willed 1
a: no special abilities


You were on level 7 of the Dungeon.
You were a tree.
You visited 1 branch of the dungeon, and saw 5 of its levels.

You collected 78 gold pieces.

Inventory:

Hand Weapons
 a - a +1 hand crossbow (weapon)
 k - a +0 hunting sling
 m - a +0 dagger of venom
 w - a +2 dagger of flaming
 A - a +0 dagger of electrocution
Missiles
 b - 20 poisoned darts
 c - 5 large rocks
 d - 55 bolts (quivered ammo)
 g - 135 stones
 i - 33 arrows
 s - 37 sling bullets
 y - 2 boomerangs
Armour
 x - a +3 leather armour of cold resistance (melded)
Jewellery
 r - a ring of willpower (left branch)
 u - a +6 ring of strength (right branch)
Wands
 n - a wand of digging (15)
 v - a wand of iceblast (12)
Scrolls
 e - a scroll of noise
 h - 3 scrolls of identify
 l - a scroll of fear
 p - a scroll of silence


   Skills:
 - Level 3.0 Fighting
 - Level 10.2 Crossbows
 + Level 2.4 Armour
 - Level 4.3 Dodging
 - Level 1.3 Stealth


You had 7 spell levels left.
You didn't know any spells.
Your spell library contained the following spells:

 Spells                   Type           Power      Damage    Failure   Level
 Sublimation of Blood     Necr           0%         N/A       45%         2
 Frozen Ramparts          Ice            0%         1d2       69%         3
 Ice Form                 Ice/Tmut       0%         N/A       97%         4
 Petrify                  Tmut/Erth      0%         N/A       97%         4
 Summon Ice Beast         Ice/Summ       0%         N/A       97%         4
 Irradiate                Conj/Tmut      0%         3d13      100%        5


Dungeon Overview and Level Annotations

Branches:
Dungeon (7/15)
 Temple: D:4-7

Altars:

Shops:
D:1 [=   D:7 *

Annotations:
D:2 1 runed translucent door, Crazy Yiuf
D:4 Eustachio


Innate Abilities, Weirdness & Mutations

You are a tree.
Your roots penetrate the ground, keeping you stationary.
You cannot be teleported.
You are immune to unholy pain and torment.
Your maximum health is greatly increased.
Your equipment is partially melded.
You are small and have problems with some larger weapons.
You are completely attuned to the shadows.
((You have sharp toenails.))
You are strong-willed. (Will+)


Message History

Unknown command.
It was a potion of might.
You feel very mighty all of a sudden.
* * * LOW HITPOINT WARNING * * *
You feel very sick.
As you read the scroll labelled IHUSSE CUIQ, it crumbles to dust.
You hear a loud clanging noise!
It was a scroll of noise.
* * * LOW HITPOINT WARNING * * *
You feel sick.
You hear an angry buzzing noise. x2
As you read the scroll labelled COAKUQ OHUGHU, it crumbles to dust.
It is a scroll of identify.
p - a scroll of silence
* * * LOW HITPOINT WARNING * * *
You feel sick.
As you read the scroll labelled FIMOERRE VIOCS, it crumbles to dust.
You assume a fearsome visage.
Nothing appears to happen.
It was a scroll of fear.
* * * LOW HITPOINT WARNING * * *
You feel sick.
Unknown command.
As you read the scroll labelled BIL BODGHOEX TOFA, it crumbles to dust.
You feel a surge of unholy energy.
It was a scroll of torment.
* * * LOW HITPOINT WARNING * * *
You feel sick.
As you read the scroll labelled ESIULI ERORGH, it crumbles to dust.
The air around you briefly surges with heat, but it dissipates.
It was a scroll of immolation.
* * * LOW HITPOINT WARNING * * *
You feel sick.
You aren't carrying any potions.
As you read the scroll labelled RUODDOPLY, it crumbles to dust.
You feel a strange sense of stasis.
It was a scroll of teleportation.
* * * LOW HITPOINT WARNING * * *
You feel sick.
As you read the scroll labelled ILACIS CAKK, it crumbles to dust.
It is a scroll of enchant armour.
You aren't carrying any armour which can be enchanted further.
You die...

#.#..)####.........#
#.##.## ##........#
#.#### ##.....#.# #.
##...##.. #.
##'####. .###
###.##### .(#
#.........# #(#
#.#####.#.### #♣#
#.# #........
###.####.# #...>.###
#........###.....#
#.#..............#
#.#####.######.###
#.#####.# #.#
#.......# #.#
######### #.#
####### #.#


There were no monsters in sight!

Vanquished Creatures
  Menkaure (D:7)
  A water moccasin (D:7)
  A sky beast (D:7)
  2 kobold brigands (D:7)
  2 bullfrogs (D:7)
  A scorpion (D:7)
  Jessica (D:2)
  Ijyb (D:3)
  2 orc wizards (D:3)
  4 adders
  A white imp (D:7)
  An adder skeleton (D:4)
  A worm (D:2)
  5 dart slugs
  4 orcs (D:3)
  5 bats
  7 endoplasms
  4 giant cockroaches
  13 goblins
  6 hobgoblins
  3 jackals
  30 kobolds
  3 quokkas
  8 ball pythons
  6 frilled lizards
  4 rats
117 creatures vanquished.

Vanquished Creatures (others)
  47 plants (D:7)
47 creatures vanquished.

Grand Total: 164 creatures vanquished

Notes
Turn   | Place    | Note
-------+----------+-------------------------------------------
     0 | D:1      | Host24 the Kobold Hunter began the quest for the Orb.
     0 | D:1      | Reached XP level 1. HP: 12/12 MP: 1/1
    43 | D:1      | Reached skill level 5 in Crossbows
   306 | D:1      | Found Natsucs's Jewellery Boutique.
   317 | D:1      | Reached XP level 2. HP: 18/18 MP: 2/2
   486 | D:1      | Found Funaof's Antique Armour Emporium.
   598 | D:1      | Reached XP level 3. HP: 21/23 MP: 3/3
  1520 | D:2      | Found a runed translucent door.
  1523 | D:2      | Noticed Crazy Yiuf
  1645 | D:2      | Noticed Jessica
  1647 | D:2      | Killed Jessica
  1648 | D:2      | Reached XP level 4. HP: 28/28 MP: 4/4
  1775 | D:2      | Found a faded altar of an unknown god.
  2149 | D:2      | Reached XP level 5. HP: 32/32 MP: 5/5
  2905 | D:3      | Reached skill level 6 in Crossbows
  3029 | D:3      | Noticed Ijyb
  3208 | D:3      | Noticed an ogre
  3592 | D:3      | Killed Ijyb
  4153 | D:4      | Noticed Eustachio
  4251 | D:3      | Reached skill level 7 in Crossbows
  4251 | D:3      | Reached XP level 6. HP: 16/37 MP: 6/6
  4928 | D:4      | You fall into a shaft and drop 3 floors!
  5135 | D:7      | Reached skill level 8 in Crossbows
  5513 | D:7      | Noticed Menkaure
  5519 | D:7      | Killed Menkaure
  5520 | D:7      | Reached XP level 7. HP: 41/41 MP: 7/7
  5591 | D:7      | Reached skill level 9 in Crossbows
  6216 | D:7      | Found Cirriera's General Store.
  6284 | D:7      | Reached skill level 10 in Crossbows
  6284 | D:7      | Reached XP level 8. HP: 46/46 MP: 8/8
  6416 | D:7      | Reached skill level 1 in Armour
  6745 | D:7      | Gained mutation: You have sharp toenails. [potion of
                  | mutation]
  6745 | D:7      | Gained mutation: You are strong-willed. (Will+) [potion of
                  | mutation]
  6751 | D:7      | HP: 3/69 [poisoned by a water moccasin]
  6753 | D:7      | HP: 1/69 [poisoned by a water moccasin]
  6754 | D:7      | Succumbed to a water moccasin's poison

Illustrated notes

Levels and vault maps discovered:
D:1:      dpeg_arrival_long_road, layout_loops_ring, serial_shops, shop, shop
D:2:      layout_loops_corners, shapermc_ecumenical_altar_starsandcircs,
          minmay_three_crescents, uniq_crazy_yiuf_cottage, uniq_jessica
D:3:      layout_basic, minmay_ogre_servants, uniq_ijyb
D:4:      layout_rooms, mainiacjoe_overflow_brackets, temple_pool_b,
          amcnicky_mini_rare_corridor_liquid, st_stairs_5,
          minmay_misc_feat_rugged, hangedman_decor_push, uniq_eustachio
D:7:      kennysheep_kobold_camp, layout_loops_corners, serial_shops,
          nicolae_stop_n_shop_2, uniq_menkaure

Skill      XL: |  1  2  3  4  5  6  7  8 |
---------------+-------------------------+-----
Crossbows      | 5 7 8 10 | 10.2
Fighting       | 3 |  3.0
Dodging        | 4 |  4.3
Armour         | 2 |  2.4
Stealth        | |  1.3

Action                   |  1- 3 |  4- 6 |  7- 9 || total
-------------------------+-------+-------+-------++-------
Melee: Short sword       |    75 |       |       ||    75
       Punch             |     1 |     1 |     1 ||     3
       Dagger            |     9 |   218 |    39 ||   266
 Fire: Hand crossbow     |     2 |    33 |    44 ||    79
Throw: Stone             |       |     1 |       ||     1
  Use: Potion            |       |     3 |     4 ||     7
       Scroll            |       |       |     7 ||     7
 Stab: Sleeping          |    11 |    13 |     1 ||    25
Armor: Leather armour    |    12 |    80 |    20 ||   112
       Skin              |       |       |     1 ||     1
Dodge: Dodged            |    56 |   224 |    53 ||   333
